 Dungeon Crawl Stone Soup version 0.31.0-11-ge490571c62 (webtiles) character file.

Game seed: 6654749654153933470

39 qw the Shooter (level 3, 0/18 HPs)
             Began as a Spriggan Hunter on Feb 3, 2024.
             Succumbed to their own poison gas
             ... on level 1 of the Dungeon.
             The game lasted 00:00:02 (566 turns).

qw the Shooter (Spriggan Hunter)                     Turns: 566, Time: 00:00:03

Health: 0/18       AC:  2    Str:  7    XL:     3   Next: 26%
Magic:  4/4        EV: 19    Int: 10    God:
Gold:   10         SH:  0    Dex: 20    Spells: 2/2 levels left

rFire   . . .        a - +0 shortbow
rCold   . . .        (shield currently unavailable)
rNeg    . . .        c - +0 robe
rPois   .            (helmet restricted)
rElec   .            (no cloak)
rCorr   .            (gloves unavailable)
SInv    +            (boots unavailable)
Will    .....        (no amulet)
Stlth   ++           (no ring)
HPRegen 0.23/turn    (no ring)
MPRegen 0.09/turn

%: no passive effects
@: lethally poisoned (0 -> -6), very quick
A: very small, no large weapons, unfitting armour, see invisible, speed 3
a: no special abilities


You were on level 1 of the Dungeon.
You visited 1 branch of the dungeon, and saw 1 of its levels.

You collected 68 gold pieces.
You spent 58 gold pieces at shops.


Innate Abilities, Weirdness & Mutations

You are very small and have problems with some larger weapons.
You are too small for most types of armour.
You have supernaturally acute eyesight. (SInv)
You cover ground extremely quickly. (Speed+++)


   Skills:
 - Level 1.5 Fighting
 + Level 4.6 Ranged Weapons
 - Level 4.0 Dodging
 - Level 1.5 Stealth


You had 2 spell levels left.
You didn't know any spells.
Your spell library was empty.

Inventory:

Hand Weapons
 a - a +0 shortbow (weapon)
Armour
 c - a +0 robe (worn)
Potions
 e - a potion of cancellation
 f - a potion of haste

Dungeon Overview and Level Annotations

Branches:
Dungeon (1/15)

Altars:

Shops:
D:1 *


Message History

As you read the scroll labelled VOYREB UMAMUKH, it crumbles to dust.
It was a scroll of poison.
Done exploring.
559 ||| READING 2 scrolls labelled KYUPTU YKOLARGH.
As you read the scroll labelled KYUPTU YKOLARGH, it crumbles to dust.
It is a scroll of identify.
559 ||| IDENTIFYING dark potion;
e - a potion of cancellation Done exploring.
560 ||| READING scroll of identify.
560 ||| IDENTIFYING fuming white potion
As you read the scroll of identify, it crumbles to dust.
f - a potion of haste Done exploring.
What level of the Dungeon? (default 1, ? - help) Sorry, I don't know how to get there.
Enter note:
Enter note:
Enter note:
Enter note:
Enter note:
Enter note:
Enter note:
Enter note:
Enter note:
Enter note:
Enter note:
Enter note: You are engulfed in poison gas.
You are lethally poisoned!
You feel very sick.
562 ||| Stepping ~*~*~tactically~*~*~ (cloud).
You feel sick.
There is a lethal amount of poison in your body!
You feel very sick.
There is a lethal amount of poison in your body!
You feel sick.
There is a lethal amount of poison in your body!
You feel sick.
There is a lethal amount of poison in your body!
You die...

#.#8.8#^.#
###.##.##..#
....##.##..#
###.##.##..#
....#8.8#..#
###.##.##0¤########
#.##'##¤¤¤¤##¤¤0##
###......¤¤¤00¤¤¤¤¤##
.#######.0¤¤¤¤¤¤@¤¤¤#
.#######.0¤¤0¤¤0¤¤00#
.......#.¤00¤0¤¤0¤¤¤#
.........0¤00¤¤¤¤0¤##
.####...##00¤##¤¤0##
.###.....##########
.##.......#
.##.......#
..........#


There were no monsters in sight!

Vanquished Creatures
  3 dart slugs (D:1)
  3 ball pythons (D:1)
  3 bats (D:1)
  2 endoplasms (D:1)
  A giant cockroach (D:1)
  3 goblins (D:1)
  4 hobgoblins (D:1)
  2 quokkas (D:1)
  A frilled lizard (D:1)
  5 kobolds (D:1)
  3 rats (D:1)
30 creatures vanquished.

Notes
Turn   | Place    | Note
-------+----------+-------------------------------------------
     0 | D:1      | qw the Spriggan Hunter began the quest for the Orb.
     0 | D:1      | Reached XP level 1. HP: 10/10 MP: 2/2
     0 | D:1      | 0 ||| qw: Version: 0.3-a-158-g18b3111
     0 | D:1      | 0 ||| qw: Game counter: 4266
     0 | D:1      | 0 ||| qw: Melee chars always use a shield: true
     0 | D:1      | 0 ||| qw: God list: Okawaru
     0 | D:1      | 0 ||| qw: Allow faded altars: false
     0 | D:1      | 0 ||| qw: Do Orc after clearing Dungeon:15 true
     0 | D:1      | 0 ||| qw: Do second Lair branch before Depths: true
     0 | D:1      | 0 ||| qw: Lair rune preference: random
     0 | D:1      | 0 ||| qw: Goals: Normal
     0 | D:1      | 0 ||| PLANNING D:1-11
    38 | D:1      | 38 ||| DROPPING scroll of butterflies.
    49 | D:1      | Reached skill level 3 in Dodging
   131 | D:1      | Reached XP level 2. HP: 14/14 MP: 3/3
   258 | D:1      | Found Poleat's Assorted Antiques.
   298 | D:1      | 298 ||| BUYING dark potion (27 gold).
   298 | D:1      | Bought a dark potion for 27 gold pieces
   298 | D:1      | 298 ||| BUYING scroll labelled KYUPTU YKOLARGH (31 gold).
   298 | D:1      | Bought a scroll labelled KYUPTU YKOLARGH for 31 gold pieces
   298 | D:1      | 298 ||| SHOPLISTING scroll labelled PIEPAHA FOITU (31 gold,
                  | have 1).
   321 | D:1      | Reached XP level 3. HP: 18/18 MP: 4/4
   558 | D:1      | 558 ||| READING scroll labelled VOYREB UMAMUKH.
   559 | D:1      | 559 ||| READING 2 scrolls labelled KYUPTU YKOLARGH.
   559 | D:1      | 559 ||| IDENTIFYING dark potion
   560 | D:1      | 560 ||| READING scroll of identify.
   560 | D:1      | 560 ||| IDENTIFYING fuming white potion
   562 | D:1      | 562 ||| Stepping ~*~*~tactically~*~*~ (cloud).
   564 | D:1      | HP: 4/18 [poisoned by you (poison gas)]
   566 | D:1      | Succumbed to their own poison gas

Levels and vault maps discovered:
D:1:      saegor_arrival_simple_e, layout_rooms, serial_shops,
          nicolae_shop_trees, dk_noncrumbling_2, serial_park_tiny_1,
          minmay_heptomino_l4

Skill      XL: |  1  2 |
---------------+-------+-----
Dodging        | 3 4 |  4.0
Fighting       | |  1.5
Ranged Weapons | |  4.6
Stealth        | |  1.5

Action                     || total
---------------------------++-------
   Fire: Shortbow          ||    77
    Use: Scroll            ||     3
 Armour: Robe              ||     7
  Dodge: Dodged            ||    14

Table legend:
 A = Non-vault XP
 B = Vault XP
 C = Vault XP percentage of total XP
 D = Non-vault monster count
 E = Vault monster count
 F = Vault count percentage of total count
                 A         B        C        D         E       F
            +---------+---------+-------+---------+---------+-------
      Total |      52 |       4 |   7.1 |      27 |       3 |  10.0
            +---------+---------+-------+---------+---------+-------
        D:1 |      52 |       4 |   7.1 |      27 |       3 |  10.0
            +---------+---------+-------+---------+---------+-------
